 Dungeon Crawl Stone Soup version 0.18-a0-373-gaf408bd (webtiles) character file.

267 Yakui the Twirler (level 6, -4/44 HPs)
             Began as a Mummy Gladiator on Nov 29, 2015.
             Was an Initiate of Okawaru.
             Slain by a sky beast (5 damage)
             ... on level 4 of the Dungeon.
             The game lasted 00:13:09 (4401 turns).

Yakui the Twirler (Mummy Gladiator)                 Turns: 4401, Time: 00:13:10

Health: -4/44      AC:  4    Str: 19    XL:     6   Next: 0%
Magic:  6/6        EV: 12    Int:  7    God:    Okawaru [......]
Gold:   158        SH:  0    Dex: 14    Spells: 0 memorised, 5 levels left

rFire  x . .     SeeInvis .     a - +0 quarterstaff
rCold  + . .     Clarity  .     b - +0 leather armour
rNeg   + + +     SustAt   .     (shield currently unavailable)
rPois  ∞         Gourm    .     c - +0 helmet
rElec  .         Spirit   .     (no cloak)
rCorr  +         Warding  .     (no gloves)
rMut   .         Stasis   .     (no boots)
MR     .....                    n - amulet of resist corrosion
Stlth  +.........               (no ring)
                                (no ring)

@: not resistant to hostile enchantments, very unstealthy
A: no food or potions, fire vulnerability, cold resistance 1, negative energy
resistance 3, torment resistance, unbreathing
a: Renounce Religion


You were on level 4 of the Dungeon.
You worshipped Okawaru.
Okawaru was noncommittal.
You were not hungry.

You visited 1 branch of the dungeon, and saw 4 of its levels.

You collected 158 gold pieces.

Inventory:

Hand Weapons
 a - a +0 quarterstaff (weapon)
Missiles
 d - 3 throwing nets
 e - 130 stones (quivered)
Armour
 b - a +0 leather armour (worn)
 c - a +0 helmet (worn)
 l - a +0 shield
Jewellery
 n - an amulet of resist corrosion (around neck)
Scrolls
 g - a scroll of fear
 h - a scroll of blinking
 i - 2 scrolls of recharging
 j - 2 scrolls of teleportation
Books
 f - a book of Party Tricks

   Spells                             Type                      Level
   a - Summon Butterflies             Summoning                    1
   b - Apportation                    Translocation                1
   c - Tukima's Dance                 Hexes                        3
   d - Alistair's Intoxication        Transmutation/Poison         4
   e - Invisibility                   Hexes                        6


   Skills:
 - Level 2.0 Fighting
 - Level 5.0 Staves
 - Level 1.5 Throwing
 - Level 2.4 Dodging
 + Level 2.1 Shields


You had 5 spell levels left.
You didn't know any spells.

Dungeon Overview and Level Annotations

Branches:
Dungeon (4/15)
 Temple: D:4-7

Altars:
Dithmenos
Okawaru
Ru

Annotations:
D:1 exclusion: downstairs
D:2 Sigmund
D:3 exclusion: upstairs
D:4 Alethiolet's ghost, amateur DgWn


Innate Abilities, Weirdness & Mutations

You do not eat or drink.
Your flesh is vulnerable to fire.
You are immune to poison.
Your flesh is cold resistant.
You are immune to negative energy.
You are immune to unholy pain and torment.
You can survive without breathing.


Message History

You barely miss the sky beast.
The sky beast is heavily wounded.
The sky beast flickers out of sight!
Deactivating autopickup; reactivate with Ctrl-A.
Something hits you. Something shocks you.
* * * LOW HITPOINT WARNING * * *
A sky beast appears from thin air!
Reactivating autopickup.
You hit the sky beast but do no damage.
The sky beast is heavily wounded.
The sky beast hits you.
* * * LOW HITPOINT WARNING * * *
The sky beast shocks you.
* * * LOW HITPOINT WARNING * * *
You enter the shallow water.
Moving in this stuff is going to be slow.
The sky beast hits you.
* * * LOW HITPOINT WARNING * * *
The sky beast shocks you.
You die...

......####..########....####.###
......# #..# #....## ......# #..#
#.....# ......####..# #.....#
#.... ......'.....###### #.....#
#.... ......####)##....# #.#.###
#.... ......# #.##(...###.#.#
#.... ####### #..'........#.#
#.... ####...@##....# #...
#..#.#Y##...########...
#..#.#.................
#..#.###.#..########... ########
#..#.# #.####...#####..
##..(...###....###....'...'.....>
...####..(......#######÷..#######
...# #....................# #
...####.........####.......# #


You could see a sky beast.

Vanquished Creatures
  A centaur (D:4)
  An orc priest (D:3)
  8 adders
  3 worms
  9 orcs
  2 hobgoblins
  13 jackals
  9 kobolds
  A quokka (D:4)
  6 bats
  4 giant cockroaches
  4 giant newts
  6 goblins
  A quokka skeleton (D:4)
  9 rats
77 creatures vanquished.

Vanquished Creatures (others)
  An orc wizard (D:3)
1 creature vanquished.

Grand Total: 78 creatures vanquished

Notes
Turn   | Place    | Note
--------------------------------------------------------------
     0 | D:1      | Yakui the Mummy Gladiator began the quest for the Orb.
     0 | D:1      | Reached XP level 1. HP: 16/16 MP: 1/1
   508 | D:1      | Reached skill level 3 in Staves
   508 | D:1      | Reached XP level 2. HP: 1/22 MP: 2/2
  1190 | D:2      | Reached XP level 3. HP: 25/27 MP: 3/3
  1342 | D:2      | Noticed Sigmund
  1648 | D:2      | Found an iron altar of Okawaru.
  1656 | D:2      | Became a worshipper of Warmaster Okawaru
  2120 | D:2      | Reached skill level 4 in Staves
  2518 | D:3      | Found a sacrificial altar of Ru.
  2545 | D:3      | Reached XP level 4. HP: 33/33 MP: 4/4
  2798 | D:3      | Found a shadowy altar of Dithmenos.
  2984 | D:3      | Reached XP level 5. HP: 16/38 MP: 5/5
  3531 | D:4      | Reached skill level 5 in Staves
  3806 | D:4      | Noticed a centaur
  3832 | D:4      | Killed a centaur
  4033 | D:4      | Noticed Alethiolet's ghost (amateur DgWn)
  4194 | D:4      | Reached XP level 6. HP: 40/44 MP: 6/6
  4401 | D:4      | HP: 1/44 [sky beast (3)]
  4401 | D:4      | Slain by a sky beast

Vault maps used:
D:1:      dpeg_arrival_three_bigger_balls
D:2:      overflow_temple_1_default, minmay_unequal, uniq_sigmund
D:3:      nicolae_ru_sacrificial_ziggurat, nicolae_dithmenos_shadow_blocks,
          amethyst_killhole

Action                   |  1- 3 |  4- 6 || total
-------------------------+-------+-------++-------
Melee: Quarterstaff      |   130 |   150 ||   280
Throw: Stone             |     5 |     5 ||    10
  Use: Scroll            |       |     8 ||     8
